| TOP OF THE 1ST |
|
Burlington Royals batting - Pitching for Elizabethton Twins : RHP Jose Zavala
|
|
Pitching: RHP Jose Zavala
|
|
|
Batting: RHB Kyle Finney
|
0-0: Ball 1-0: Ball 2-0: Called Strike 2-1: Ball 3-1: SINGLE (Line Drive, 9LS, EV 105.0 MPH)
|
|
Batting: RHB John Normand
|
0-0: Ball 1-0: Foul Ball, location: 2F 1-1: Ball 2-1: Ball 3-1: Foul Ball, location: 2F 3-2: 2-RUN HOME RUN (Line Drive, 9D, EV 96.9 MPH), Distance : 370 ft
|
|
Batting: RHB Luis Mendoza
|
0-0: Ball 1-0: Swinging Strike 1-1: DOUBLE (Groundball, 5L, EV 98.8 MPH)
|
|
Batting: RHB Simon Sultzbach
|
0-0: Ball 1-0: Foul Ball, location: 2F 1-1: Ground out 4-3 (Groundball, 4, EV 87.5 MPH) Luis Mendoza to third
|
|
Batting: RHB Esteban Acuna
|
0-0: Called Strike 0-1: Called Strike 0-2: Foul Ball, location: 2F 0-2: Ball 1-2: Reached on error, E6 (Groundball, 6, EV 77.5 MPH) Luis Mendoza scores
|
|
Batting: RHB Leo Lopez
|
0-0: Called Strike 0-1: Swinging Strike 0-2: Ball 1-2: Ground out U3 (Groundball, 34S, EV 79.4 MPH) Esteban Acuna to second
|
|
Batting: RHB Matt Weddle
|
0-0: Called Strike 0-1: Ball 1-1: Ball 2-1: Called Strike 2-2: Fly out, F9 (Line Drive, 9S, EV 90.0 MPH)
|
| Top of the 1st over - 3 runs, 3 hits, 1 error, 1 left on base; Burlington 3 - Elizabethton 0 |
| BOTTOM OF THE 1ST |
|
Elizabethton Twins batting - Pitching for Burlington Royals : LHP Bin Ya
|
|
Pitching: LHP Bin Ya
|
|
|
Batting: RHB David McDonald
|
0-0: Ball 1-0: SINGLE (Groundball, 15S, EV 63.8 MPH) (infield hit)
|
|
Batting: RHB Nestor Moreno
|
0-0: Called Strike 0-1: Ball 1-1: Foul Ball, location: 2F 1-2: Ball 2-2: Foul Ball, location: 2F 2-2: Ball 3-2: Foul Ball, location: 2F 3-2: Base on Balls David McDonald to second
|
|
Batting: RHB Ryan Starks
|
0-0: Foul Ball, location: 2F 0-1: 3-RUN HOME RUN (Line Drive, 78XD, EV 106.9 MPH), Distance : 414 ft
|
|
Batting: RHB Ned Scovell
|
0-0: Ball 1-0: SINGLE (Line Drive, 8LS, EV 91.2 MPH)
|
|
Batting: RHB Sergio Gomez
|
0-0: Ball 1-0: Called Strike 1-1: Ball 2-1: Ball 3-1: Base on Balls Ned Scovell to second
|
|
Batting: RHB Wil Patterson
|
0-0: Ball 1-0: Fly out, F9 (Flyball, 9LS, EV 83.1 MPH)
|
|
Batting: RHB Calvin Day
|
0-0: Foul Ball, location: 2F 0-1: Ball 1-1: Ball 2-1: SINGLE (Flyball, 8RS, EV 98.8 MPH) Ned Scovell to third Sergio Gomez to second
|
|
Batting: LHB Joey Zamora
|
0-0: Swinging Strike 0-1: Ball 1-1: Called Strike 1-2: Ball 2-2: Foul Ball, location: 2F 2-2: Ball 3-2: Grounds into fielders choice 5-2 (Groundball, 5, EV 103.1 MPH) Sergio Gomez to third Calvin Day to second
|
|
Batting: RHB Braydon Garland
|
0-0: Called Strike 0-1: Foul Ball, location: 2F 0-2: Hit by Pitch Sergio Gomez scores Calvin Day to third Joey Zamora to second
|
|
Batting: RHB David McDonald
|
0-0: Called Strike 0-1: Ball 1-1: Ball 2-1: Swinging Strike 2-2: Strikes out looking
|
| Bottom of the 1st over - 4 runs, 4 hits, 0 errors, 3 left on base; Burlington 3 - Elizabethton 4 |
| TOP OF THE 2ND |
|
Burlington Royals batting - Pitching for Elizabethton Twins : RHP Jose Zavala
|
|
Batting: RHB Nick Spriggs
|
0-0: Swinging Strike 0-1: Foul Ball, location: 2F 0-2: Ball 1-2: Strikes out looking
|
|
Batting: RHB Danny Jefferies
|
0-0: Ball 1-0: Foul Ball, location: 2F 1-1: Swinging Strike 1-2: Ball 2-2: Strikes out swinging wild pitch, reaches first!
|
|
Batting: RHB Kyle Finney
|
0-0: Ball 1-0: Called Strike Danny Jefferies steals 2nd base 1-1: Called Strike 1-2: Ground out 6-3 (Groundball, 56, EV 104.4 MPH)
|
|
Batting: RHB John Normand
|
0-0: Fly out, F7 (Line Drive, 7S, EV 86.2 MPH)
|
| Top of the 2nd over - 0 runs, 0 hits, 0 errors, 1 left on base; Burlington 3 - Elizabethton 4 |
| BOTTOM OF THE 2ND |
|
Elizabethton Twins batting - Pitching for Burlington Royals : LHP Bin Ya
|
|
Batting: RHB Nestor Moreno
|
0-0: Ball 1-0: Swinging Strike 1-1: Foul Ball, location: 2F 1-2: Strikes out swinging
|
|
Batting: RHB Ryan Starks
|
0-0: Ball 1-0: Ball 2-0: Called Strike 2-1: SINGLE (Groundball, 6MD, EV 103.8 MPH)
|
|
Batting: RHB Ned Scovell
|
0-0: Called Strike 0-1: Ball 1-1: Swinging Strike 1-2: Strikes out swinging
|
|
Batting: RHB Sergio Gomez
|
0-0: Ball 1-0: Ball 2-0: Ball 3-0: Called Strike 3-1: Base on Balls Ryan Starks to second
|
|
Batting: RHB Wil Patterson
|
0-0: Ball 1-0: Ball 2-0: Ball 3-0: Called Strike 3-1: DOUBLE (Groundball, 5L, EV 110.0 MPH) Ryan Starks scores Sergio Gomez to third
|
|
Pitching: LHP Omar Nogueira
|
|
|
Batting: RHB Calvin Day
|
0-0: Ball 1-0: Fly out, F9 (Flyball, 89M, EV 78.8 MPH)
|
| Bottom of the 2nd over - 1 run, 2 hits, 0 errors, 2 left on base; Burlington 3 - Elizabethton 5 |
| TOP OF THE 3RD |
|
Burlington Royals batting - Pitching for Elizabethton Twins : RHP Jose Zavala
|
|
Batting: RHB Luis Mendoza
|
0-0: Ball 1-0: Called Strike 1-1: Swinging Strike 1-2: Ball 2-2: Strikes out swinging
|
|
Batting: RHB Simon Sultzbach
|
0-0: Foul Ball, location: 2F 0-1: Ground out U3 (Groundball, 3S, EV 71.9 MPH)
|
|
Batting: RHB Esteban Acuna
|
0-0: Ball 1-0: Swinging Strike 1-1: Ball 2-1: Ball 3-1: Foul Ball, location: 2F 3-2: Foul Ball, location: 2F 3-2: Base on Balls
|
|
Batting: RHB Leo Lopez
|
0-0: Called Strike 0-1: Ball 1-1: Ball Esteban Acuna is caught stealing 2nd base 2-4
|
| Top of the 3rd over - 0 runs, 0 hits, 0 errors, 0 left on base; Burlington 3 - Elizabethton 5 |
| BOTTOM OF THE 3RD |
|
Elizabethton Twins batting - Pitching for Burlington Royals : LHP Omar Nogueira
|
|
Batting: LHB Joey Zamora
|
0-0: Called Strike 0-1: Swinging Strike 0-2: Strikes out swinging
|
|
Batting: RHB Braydon Garland
|
0-0: Ball 1-0: SINGLE (Line Drive, 8LS, EV 95.6 MPH)
|
|
Batting: RHB David McDonald
|
0-0: Fly out, F9 (Flyball, 9, EV 87.5 MPH)
|
|
Batting: RHB Nestor Moreno
|
0-0: Called Strike 0-1: Swinging Strike 0-2: SINGLE (Flyball, 78S, EV 88.1 MPH) Braydon Garland to second
|
|
Batting: RHB Ryan Starks
|
0-0: Fly out, F8 (Flyball, 8RD, EV 94.4 MPH)
|
| Bottom of the 3rd over - 0 runs, 2 hits, 0 errors, 2 left on base; Burlington 3 - Elizabethton 5 |
| TOP OF THE 4TH |
|
Burlington Royals batting - Pitching for Elizabethton Twins : RHP Jose Zavala
|
|
Batting: RHB Leo Lopez
|
0-0: Foul Ball, location: 2F 0-1: Ball 1-1: Foul Ball, location: 2F 1-2: Ball 2-2: Fly out, F8 (Flyball, 78D, EV 97.5 MPH)
|
|
Batting: RHB Matt Weddle
|
0-0: Fly out, F9 (Flyball, 9, EV 88.1 MPH)
|
|
Batting: RHB Nick Spriggs
|
0-0: Foul Ball, location: 2F 0-1: Ball 1-1: Called Strike 1-2: Foul Ball, location: 2F 1-2: Strikes out swinging
|
| Top of the 4th over - 0 runs, 0 hits, 0 errors, 0 left on base; Burlington 3 - Elizabethton 5 |
| BOTTOM OF THE 4TH |
|
Elizabethton Twins batting - Pitching for Burlington Royals : LHP Omar Nogueira
|
|
Batting: RHB Ned Scovell
|
0-0: Foul Ball, location: 2F 0-1: Foul Ball, location: 2F 0-2: Ball 1-2: Ball 2-2: Ground out 5-3 (Groundball, 56S, EV 89.4 MPH)
|
|
Batting: RHB Sergio Gomez
|
0-0: Called Strike 0-1: Ball 1-1: SOLO HOME RUN (Flyball, 8RXD, EV 105.0 MPH), Distance : 433 ft
|
|
Batting: RHB Wil Patterson
|
0-0: Ground out 4-3 (Groundball, 4, EV 84.4 MPH)
|
|
Batting: RHB Calvin Day
|
0-0: Fly out, F9 (Flyball, 9S, EV 93.1 MPH)
|
| Bottom of the 4th over - 1 run, 1 hit, 0 errors, 0 left on base; Burlington 3 - Elizabethton 6 |
| TOP OF THE 5TH |
|
Burlington Royals batting - Pitching for Elizabethton Twins : RHP Jose Zavala
|
|
Batting: RHB Danny Jefferies
|
0-0: Called Strike 0-1: Swinging Strike 0-2: Strikes out swinging
|
|
Batting: RHB Kyle Finney
|
0-0: Ball 1-0: Ground out 5-3 (Groundball, 56S, EV 83.8 MPH)
|
|
Batting: RHB John Normand
|
0-0: Ball 1-0: Ball 2-0: SOLO HOME RUN (Line Drive, 78XD, EV 105.6 MPH), Distance : 411 ft
|
|
Batting: RHB Luis Mendoza
|
0-0: Swinging Strike 0-1: Called Strike 0-2: Ball 1-2: Ball 2-2: Ball 3-2: Foul Ball, location: 2F 3-2: Base on Balls
|
|
Batting: RHB Simon Sultzbach
|
0-0: Called Strike 0-1: Foul Ball, location: 2F 0-2: Fly out, F8 (Flyball, 8RM, EV 90.0 MPH)
|
| Top of the 5th over - 1 run, 1 hit, 0 errors, 1 left on base; Burlington 4 - Elizabethton 6 |
| BOTTOM OF THE 5TH |
|
Elizabethton Twins batting - Pitching for Burlington Royals : LHP Omar Nogueira
|
|
Batting: LHB Joey Zamora
|
0-0: Called Strike 0-1: Foul Ball, location: 2F 0-2: Ball 1-2: Foul Ball, location: 2F 1-2: Ball 2-2: Ball 3-2: Strikes out swinging
|
|
Batting: RHB Braydon Garland
|
0-0: Swinging Strike 0-1: Swinging Strike 0-2: Strikes out swinging
|
|
Batting: RHB David McDonald
|
0-0: Ball 1-0: Ball 2-0: Ball 3-0: Called Strike 3-1: Base on Balls
|
|
Batting: RHB Nestor Moreno
|
0-0: Ball David McDonald steals 2nd base 1-0: Called Strike 1-1: Swinging Strike 1-2: Ball 2-2: Fly out, F9 (Flyball, 9S, EV 84.4 MPH)
|
| Bottom of the 5th over - 0 runs, 0 hits, 0 errors, 1 left on base; Burlington 4 - Elizabethton 6 |
| TOP OF THE 6TH |
|
Burlington Royals batting - Pitching for Elizabethton Twins : RHP Jose Zavala
|
|
Pitching: RHP Takeru Inoue
|
|
|
Batting: RHB Esteban Acuna
|
0-0: Ball 1-0: Called Strike 1-1: Ball 2-1: Ball 3-1: Base on Balls
|
|
Pinch Hitting: RHB Josh Massey
|
0-0: Called Strike 0-1: Called Strike 0-2: Strikes out looking
|
|
Pinch Hitting: LHB Javy Rueda
|
0-0: Called Strike 0-1: Ball Esteban Acuna is caught stealing 2nd base 2-6 1-1: Ball 2-1: Foul Ball, location: 2F 2-2: Foul Ball, location: 2F 2-2: Strikes out swinging
|
| Top of the 6th over - 0 runs, 0 hits, 0 errors, 0 left on base; Burlington 4 - Elizabethton 6 |
| BOTTOM OF THE 6TH |
|
Elizabethton Twins batting - Pitching for Burlington Royals : LHP Omar Nogueira
|
|
Now at 1B: Ramiro Castillo
|
|
|
Now in LF: Javy Rueda
|
|
|
Batting: RHB Ryan Starks
|
0-0: DOUBLE (Groundball, 5L, EV 107.5 MPH)
|
|
Batting: RHB Ned Scovell
|
0-0: Swinging Strike 0-1: Ball 1-1: SINGLE (Flyball, 34D, EV 83.1 MPH) Ryan Starks to third
|
|
Batting: RHB Sergio Gomez
|
0-0: Called Strike 0-1: Ball 1-1: Grounds into double play, 6-4-3 (Groundball, 6, EV 81.2 MPH) Ryan Starks scores
|
|
Batting: RHB Wil Patterson
|
0-0: Ball 1-0: Ball 2-0: Ball 3-0: Base on Balls
|
|
Pitching: RHP David Bialas
|
|
|
Batting: RHB Calvin Day
|
0-0: Called Strike 0-1: Ball 1-1: Ball 2-1: Ball 3-1: Foul Ball, location: 2F 3-2: Base on Balls Wil Patterson to second
|
|
Batting: LHB Joey Zamora
|
0-0: Called Strike 0-1: Ball 1-1: Swinging Strike 1-2: Foul Ball, location: 2F 1-2: Fly out, F8 (Flyball, 8RXD, EV 98.1 MPH)
|
| Bottom of the 6th over - 1 run, 2 hits, 0 errors, 2 left on base; Burlington 4 - Elizabethton 7 |
| TOP OF THE 7TH |
|
Burlington Royals batting - Pitching for Elizabethton Twins : RHP Takeru Inoue
|
|
Now at 3B: Antonio Santos
|
|
|
Batting: RHB Nick Spriggs
|
0-0: Ball 1-0: Foul Ball, location: 2F 1-1: Swinging Strike 1-2: Strikes out swinging
|
|
Batting: RHB Danny Jefferies
|
0-0: Called Strike 0-1: Ball 1-1: Ball 2-1: Foul Ball, location: 2F 2-2: Strikes out swinging
|
|
Batting: RHB Kyle Finney
|
0-0: Called Strike 0-1: Ball 1-1: DOUBLE (Line Drive, 89D, EV 104.4 MPH)
|
|
Pitching: LHP Adam Devine
|
|
|
Batting: RHB John Normand
|
0-0: Called Strike 0-1: Foul Ball, location: 2F 0-2: Ball Wild Pitch! Kyle Finney to third 1-2: Foul Ball, location: 2F 1-2: Strikes out swinging
|
| Top of the 7th over - 0 runs, 1 hit, 0 errors, 1 left on base; Burlington 4 - Elizabethton 7 |
| BOTTOM OF THE 7TH |
|
Elizabethton Twins batting - Pitching for Burlington Royals : RHP David Bialas
|
|
Batting: RHB Braydon Garland
|
0-0: Ball 1-0: Foul Ball, location: 2F 1-1: Ground out 5-3 (Groundball, 56, EV 101.2 MPH)
|
|
Batting: RHB David McDonald
|
0-0: Ball 1-0: Foul Ball, location: 2F 1-1: Swinging Strike 1-2: Foul Ball, location: 2F 1-2: Ball 2-2: Foul Ball, location: 2F 2-2: Ground out 5-3 (Groundball, 56, EV 82.5 MPH)
|
|
Batting: RHB Nestor Moreno
|
0-0: Ball 1-0: Foul Ball, location: 2F 1-1: Hit by Pitch
|
|
Batting: RHB Ryan Starks
|
0-0: Called Strike Nestor Moreno is caught stealing 2nd base 2-4
|
| Bottom of the 7th over - 0 runs, 0 hits, 0 errors, 0 left on base; Burlington 4 - Elizabethton 7 |
| TOP OF THE 8TH |
|
Burlington Royals batting - Pitching for Elizabethton Twins : LHP Adam Devine
|
|
Batting: RHB Luis Mendoza
|
0-0: Fly out, F7 (Flyball, 7D, EV 90.6 MPH)
|
|
Batting: RHB Simon Sultzbach
|
0-0: Called Strike 0-1: Ball 1-1: Foul Ball, location: 2F 1-2: Ground out 1-3 (Groundball, 13S, EV 68.8 MPH)
|
|
Batting: RHB Esteban Acuna
|
0-0: Swinging Strike 0-1: Foul Ball, location: 2F 0-2: Ball 1-2: Ball 2-2: Ball 3-2: Strikes out swinging
|
| Top of the 8th over - 0 runs, 0 hits, 0 errors, 0 left on base; Burlington 4 - Elizabethton 7 |
| BOTTOM OF THE 8TH |
|
Elizabethton Twins batting - Pitching for Burlington Royals : RHP David Bialas
|
|
Batting: RHB Ryan Starks
|
0-0: Foul Ball, location: 2F 0-1: Foul Ball, location: 2F 0-2: Ball 1-2: Ball 2-2: Ground out 5-3 (Groundball, 56S, EV 81.9 MPH)
|
|
Batting: RHB Ned Scovell
|
0-0: Ball 1-0: Called Strike 1-1: Ball 2-1: Swinging Strike 2-2: Foul Ball, location: 2F 2-2: Fly out, F9 (Line Drive, 9, EV 106.9 MPH)
|
|
Batting: RHB Sergio Gomez
|
0-0: Ball 1-0: Ground out 5-3 (Groundball, 56S, EV 86.9 MPH)
|
| Bottom of the 8th over - 0 runs, 0 hits, 0 errors, 0 left on base; Burlington 4 - Elizabethton 7 |
| TOP OF THE 9TH |
|
Burlington Royals batting - Pitching for Elizabethton Twins : LHP Adam Devine
|
|
Pitching: RHP Ron Didkowsky
|
|
|
Pinch Hitting: SHB Gary Woodroffe
|
0-0: Swinging Strike 0-1: Called Strike 0-2: Ball 1-2: Ball 2-2: Foul Ball, location: 2F 2-2: Strikes out swinging
|
|
Batting: LHB Javy Rueda
|
0-0: Called Strike 0-1: Ball 1-1: Foul Ball, location: 2F 1-2: Strikes out swinging
|
|
Pinch Hitting: RHB Chris Stec
|
0-0: Swinging Strike 0-1: Ball 1-1: Swinging Strike 1-2: Ball 2-2: Foul Ball, location: 2F 2-2: Ball 3-2: Base on Balls
|
|
Batting: RHB Danny Jefferies
|
0-0: Fly out, F7 (Flyball, 7, EV 94.4 MPH)
|
| Top of the 9th over - 0 runs, 0 hits, 0 errors, 1 left on base; Burlington 4 - Elizabethton 7 |
|